[Event "*** Titled Tuesday Blitz"]
[Site "Chess.com"]
[Date "2018.08.07"]
[Round "4"]
[White "djano"]
[Black "Cocaino74"]
[Result "1-0"]
[WhiteElo "2365"]
[BlackElo "2193"]
[TimeControl "180+2"]
[EndTime "13:50:57 PDT"]
[Termination "djano won by resignation"]

1. c4 e6 2. g3 d5 3. Bg2 dxc4 4. Nf3 a6 5. a3 b5 6. O-O Bb7 7. a4 Nf6 8. b3 cxb3 9. Qxb3 b4 10. Bb2 Nbd7 11.
d4 Be7 12. Nbd2 c5 13. e4 Nxe4 14. Nxe4 Bxe4 15. dxc5 Nxc5 16. Qxb4 Rb8 17. Qc3 f6 18.
Rfd1 Qb6 19. Ba3 Nxa4 20. Qe1 Bxa3 21. Qxe4 Nc3 22. Qg4 Nxd1 23. Qxg7 Nxf2 24. Qxh8+ Bf8 25. h3 Ng4+ 26. Kh1 Qb1+ 27. Rxb1 Rxb1+ 28. Bf1 Rxf1+ 29. Kg2 Ne3+ 30. Kh2 Rf2+ 31. Kg1 Rf1+ 32. Kh2 Rf2+ 33. Kg1 Rxf3 34. Qxh7 Rf5 35. g4 Re5 36. Qg6+ Ke7 37.
Kf2 a5 38. Qd3 Nd5 39. Qa3+ Kf7 40. Qxa5 Nf4 41. Qa7+ Kg6 42. Kf3 Nxh3 43. Qa8 Ng5+ 44. Kg3 Kf7 45. Qa7+ Be7 46. Qb7 Rd5 47. Kg2 Ne4 48.
Qa8 Rd2+ 49. Kf3 Ng5+ 50. Ke3 Rd8 51. Qa7 Rd5 52. Ke2 Re5+ 53. Kd3 Rd5+ 54. Kc4 Ne4 55. Qe3 Nd6+ 56. Kb3 Nb5 57. Qh6 Ke8 58. Qh1 Kd7 59. Qa1 Nd4+ 60. Kc4 Nc6 61. Qa8 Ne5+ 62. Kb3 Nxg4 63.
Qa4+ Kd6 64. Qxg4 f5 65. Qg8 Ke5 66. Qe8 Bf6 67. Qb8+ Ke4 68. Qe8 e5 69. Qf7 Bd8 70.
Qb7 Bg5 71. Kc4 Be3 72. Qxd5+ Kf4 73. Qg2 e4 74. Kd5 Ba7 75. Ke6 e3 76. Qf1+ Kg3 77. Kxf5 e2 78. Qxe2 Bf2 1-0

[Event "*** Titled Tuesday Blitz"]
[Site "Chess.com"]
[Date "2018.08.07"]
[Round "4"]
[White "misha_melnichuk"]
[Black "morphy1984"]
[Result "1/2-1/2"]
[WhiteElo "2610"]
[BlackElo "2515"]
[TimeControl "180+2"]
[EndTime "13:51:27 PDT"]
[Termination "Game drawn - insufficient material"]

1. Nf3 Nf6 2. g3 g6 3. Bg2 Bg7 4. O-O O-O 5. d4 d6 6. b3 Nbd7 7. Bb2 e5 8. dxe5 Ng4 9. c4 Ngxe5 10. Nc3 Nxf3+ 11. Bxf3 Ne5 12. Bg2 c6 13. Qd2 Qc7 14. Rad1 Rd8 15. Ne4 d5 16. cxd5 Rxd5 17. Qc2 Rxd1 18.
Rxd1 Bf5 19. h3 Rd8 20. Rxd8+ Qxd8 21. g4 Bxe4 22. Bxe4 f6 23. f4 Nf7 24. Qd3 Nd6 25. Bf3 Qe7 26. Kg2 f5 27. Ba3 Bf8 28. g5 Qe6 29. Bb2 Bg7 30. Bxg7 Kxg7 31. Qd4+ Kf7 32. Qxa7 Qe7 33. Qd4 Qe6 34. Qh8 Ke7 35. Qxh7+ Nf7 36. Qg7 Qe3 37. Qf6+ Kf8 38. Qxg6 Qxf4 39. Qh5 Nxg5 40.
Qh8+ Ke7 41. Qh6 Qd2 42. Qg7+ Ke6 43. Qg8+ Ke7 44. Qg7+ Ke6 45. Qg6+ Ke5 46. Qe8+ Kf6 47. Qf8+ Kg6 48. Qg8+ Kf6 49. Qh8+ Kg6 50. Qe8+ Kf6 51. Qg8 Nxf3 52. Kxf3 Qc3+ 53. Kg2 Qc2 54. Qh8+ Kf7 55. Qh5+ Kf6 56. Qh6+ Kf7 57. Qh7+ Kf6 58. Kf2 Qxa2 59.
Qxb7 Qc2 60. Qc8 Qc5+ 61. Kf1 Qc1+ 62. Kg2 Qg5+ 63. Kf2 Qf4+ 64. Kg2 Qg5+ 65. Kh1 Qc1+ 66. Kg2 Qg5+ 67. Kf3 Qh5+ 68. Kf2 Qh4+ 69. Ke3 Qxh3+ 70. Kd2 Qxb3 71. Qxc6+ Qe6 72. Qxe6+ Kxe6 73. Ke3 Ke5 74. Kf3 f4 75. e3 fxe3 76. Kxe3 1/2-1/2

[Event "*** Titled Tuesday Blitz"]
[Site "Chess.com"]
[Date "2018.08.07"]
[Round "4"]
[White "Kislov_Oleg"]
[Black "nailbeshirli"]
[Result "0-1"]
[WhiteElo "2371"]
[BlackElo "2516"]
[TimeControl "180+2"]
[EndTime "13:51:40 PDT"]
[Termination "nailbeshirli won by resignation"]

1. e4 c5 2. Nf3 Nf6 3. e5 Nd5 4. Nc3 e6 5. Nxd5 exd5 6. d4 Nc6 7. c3 cxd4 8. cxd4 d6 9. Bd3 dxe5 10. dxe5 Be7 11. O-O O-O 12. a3 Bg4 13. Bf4 Qb6 14. b4 Rad8 15. b5 Bxf3 16. Qxf3 Nd4 17. Qh3 g6 18.
Be3 Bc5 19. Bg5 Rde8 20. Bf6 Be7 21. Bxe7 Rxe7 22. Rae1 Rfe8 23. Qg3 Qc5 24. Kh1 Qxa3 25. f4 f5 26. exf6 Rxe1 27. Rxe1 Rxe1+ 28. Qxe1 Kf7 29. h4 Qd6 30. Qe5 Qxf6 31. Qxd5+ Kf8 32. g3 b6 33. Bc4 Kg7 34. Kg2 Nf5 35. Qd3 Qe7 36.
Kf3 h5 37. Bd5 Qe1 38. Kg2 Ne3+ 39. Kf3 Ng4 40. Qd4+ Kh7 41. Bc4 Qh1+ 42. Ke2 Qg2+ 43. Kd1 Qxg3 44. Qd7+ Kh6 45. Bg8 Qf3+ 46. Kc2 Qe2+ 47.
Kb3 Qe3+ 48. Ka2 Qf2+ 49. Ka3 Qc5+ 50. Ka2 Qc2+ 51. Ka3 Qc3+ 52. Ka2 Nf6 53. Qf7 Qa5+ 54. Kb1 Qxb5+ 55. Ka2 Qe2+ 56. Ka1 Qe1+ 57. Ka2 Qf2+ 58.
Ka1 Qd4+ 59. Ka2 Qa4+ 60. Kb1 Qb4+ 61. Ka2 Qd2+ 62. Kb1 Qd3+ 63. Ka2 Qd2+ 64. Kb1 Qd6 65. Qc4 b5 66. Qb3 a5 67. Bf7 Ne4 68. Qc2 Qb4+ 69.
Ka1 Qc3+ 70. Qxc3 Nxc3 71. Kb2 b4 72. Bc4 Kg7 0-1

[Event "*** Titled Tuesday Blitz"]
[Site "Chess.com"]
[Date "2018.08.07"]
[Round "4"]
[White "JonahWillow"]
[Black "Zhigalko_Sergei"]
[Result "1/2-1/2"]
[WhiteElo "2658"]
[BlackElo "2862"]
[TimeControl "180+2"]
[EndTime "13:51:50 PDT"]
[Termination "Game drawn by agreement"]

1. e4 c5 2. Nf3 Nc6 3. d4 cxd4 4. Nxd4 Nf6 5. Nc3 e5 6. Ndb5 d6 7. Bg5 a6 8. Na3 b5 9. Nd5 Be7 10. Bxf6 Bxf6 11. c4 b4 12. Nc2 O-O 13. g3 a5 14.
Bg2 Bg5 15. O-O Be6 16. b3 Kh8 17. f4 Bh6 18. Kh1 Ra7 19. Qh5 exf4 20. gxf4 f5 21. Bh3 Bf7 22. Qe2 fxe4 23. Qxe4 Ne7 24. Nxe7 Rxe7 25.
Qg2 Be8 26. Nd4 Qb6 27. Rad1 Rxf4 28. Rxf4 Bxf4 29. Qf3 g5 30. Bg2 Bd7 31. h4 Qd8 32. hxg5 Bxg5 33. Nc6 Bxc6 34. Qxc6 Re8 35. Qd5 Bf4 36.
Qf5 Be5 37. Qh3 Qg5 38. Rf1 Rg8 39. Bd5 Qg3 40. Qxg3 Rxg3 41. Rf8+ Kg7 42. Rg8+ Kf6 43. Rxg3 Bxg3 44. Kg2 Bh4 45. Kh3 Bg5 46. Kg4 h6 47. Bc6 Ke5 48. Ba4 Kd4 49. Bc6 Kc3 50. Kf5 Be3 51. Ke4 Bc5 52. Kf5 Kb2 53.
Kg6 Be3 54. Kf5 Kxa2 55. Ba4 Kb2 56. Ke4 Bc5 57. Kf5 Kc3 58. Kg6 Be3 59. Kf5 Kd4 60.
Kg6 Kc3 61. Kf5 h5 62. Ke4 Kd2 63. Kf3 Bg5 64. Kg3 Kd3 65. Kf3 Bf6 66. Kg3 Ke4 67. Kh3 Kf4 68. Kg2 h4 69. Kh3 Ke3 70. Kg2 Kf4 71. Kh3 Kg5 72. Kg2 Be7 73. Kh3 Kf4 74. Kg2 Kg4 75. Kh2 Bf6 76. Kh1 h3 77. Kh2 Be5+ 78. Kh1 Kg3 79. Bb5 Kf2 80. Ba4 Ke3 81. Bb5 Kd4 82. Ba4 Kc5 83. Kg1 Bf4 84.
Kh1 Kd4 85. Kg1 Ke3 86. Kh1 Kf2 87. Bb5 Be5 88. Ba4 Ke3 89. Bb5 Kd4 90. Ba4 Kc3 91. Kg1 Kb2 92. Kh1 Bf4 93. Kg1 h2+ 94.
Kh1 Be5 95. Kg2 Kc3 96. Kh1 Kd4 97. Kg2 Kc5 98. Kh1 d5 99. cxd5 Kxd5 100. Kg2 Kd4 101. Kh1 Ke3 102. Kg2 Bd6 103. Kh1 Kf2 104. Bb5 Be5 105. Ba4 Bf4 106. Bb5 a4 107. Bxa4 Be5 108. Bb5 1/2-1/2

[Event "*** Titled Tuesday Blitz"]
[Site "Chess.com"]
[Date "2018.08.07"]
[Round "4"]
[White "ahmadzada13"]
[Black "ShimanovAlex"]
[Result "1/2-1/2"]
[WhiteElo "2639"]
[BlackElo "2767"]
[TimeControl "180+2"]
[EndTime "13:52:00 PDT"]
[Termination "Game drawn - insufficient material"]

1. e4 c6 2. d4 d5 3. Nd2 dxe4 4.
Nxe4 Bf5 5. Ng3 Bg6 6. Nf3 e6 7. Bd3 Nd7 8. O-O Ngf6 9. c4 Bd6 10. b3 O-O 11. Bb2 Qc7 12. Bxg6 hxg6 13. Qe2 Rad8 14. Ne4 Rfe8 15. Nxf6+ gxf6 16. Rad1 Bf8 17. g3 Bg7 18. Rfe1 f5 19. d5 cxd5 20. Bxg7 Kxg7 21. cxd5 Nf6 22. dxe6 Rxe6 23. Qb2 Rxd1 24. Rxd1 Rc6 25. Nd4 Rd6 26. Rd2 Qd8 27. Nf3 Kg8 28. Rxd6 Qxd6 29. Qd4 Qxd4 30. Nxd4 a6 31. f3 Kf8 32. Kf2 Ke7 33. Ke3 Kd6 34.
Kd3 Nd5 35. Nc2 f4 36. g4 g5 37. Ke4 f6 38. Nd4 Nc3+ 39. Kf5 Ke7 40. a4 Nd5 41. Ke4 Nb4 42. Nf5+ Ke6 43. Nd4+ Kd7 44. Kf5 Ke7 45. h4 gxh4 46. Kxf4 Nd5+ 47. Ke4 Nc3+ 48. Kd3 Nd5 49.
Nf5+ Ke6 50. Nxh4 Ke5 51. Ng6+ Ke6 52. f4 Nb4+ 53. Kc4 Nc6 54. Kc5 Kd7 55. g5 fxg5 56. fxg5 a5 57. Nf4 Ke7 58. g6 Kf6 59. Kb6 Nd4 60.
Kxb7 Nxb3 61. Kc6 Kg7 62. Kb5 Kf6 63. Kc4 Nd2+ 64. Kc5 Nb3+ 65. Kb5 Kg7 66. Kb6 Kf6 67. Kb5 Kg7 68. Kb6 Kf6 69. Kc6 Kg7 70. Kd6 Kf6 71.
Kd5 Kg7 72. Ke5 Nc5 73. Kf5 Nxa4 74. Nh5+ Kg8 75. g7 Nc5 76. Kg6 Nd7 77. Ng3 Nf8+ 78. Kh6 Ne6 79. Ne4 Nxg7 80. Kg6 a4 81. Nc3 a3 82.
Kf6 Nh5+ 83. Ke5 Ng3 84. Kd5 Ne2 85. Na2 Nc1 86. Nxc1 a2 87. Nxa2 1/2-1/2

[Event "*** Titled Tuesday Blitz"]
[Site "Chess.com"]
[Date "2018.08.07"]
[Round "4"]
[White "CarlssonLudvig"]
[Black "Orest_Vovk"]
[Result "0-1"]
[WhiteElo "2196"]
[BlackElo "2331"]
[TimeControl "180+2"]
[EndTime "13:52:27 PDT"]
[Termination "Orest_Vovk won by resignation"]

1. d4 Nc6 2. e4 e5 3. Nf3 exd4 4. Nxd4 Nxd4 5. Qxd4 Ne7 6. Be3 Nc6 7. Qd2 Bb4 8. c3 Ba5 9. Na3 O-O 10. Nc4 Bb6 11.
Nxb6 axb6 12. Bd3 d6 13. O-O Ne5 14. Be2 Be6 15. b3 Qh4 16. c4 Ng4 17. Bf4 Ra5 18. Bg3 Qh6 19. Qxh6 Nxh6 20. a4 Ng4 21. Rad1 f6 22.
f3 Ne5 23. Be1 Raa8 24. h3 Nc6 25. Bc3 Na5 26. Bxa5 bxa5 27. Rd4 b6 28. Rfd1 Rae8 29. g4 g5 30. Kf2 Kg7 31. Bd3 Rh8 32. Rh1 h5 33. Kg2 hxg4 34. hxg4 Rxh1 35. Kxh1 Rh8+ 36. Kg2 Kf7 37. Bc2 Bd7 38. Rd5 Bc6 39. Rf5 Ke7 40.
Bb1 Bd7 41. Rd5 Be6 42. Rd2 Kd7 43. Kf2 Kc6 44. Ke3 Kc5 45. Kd3 Kb4 46. Kc2 Rh3 47. Rf2 Rh1 48. Kb2 Kc5 49. Rd2 Rf1 50. Rd3 Kb4 51.
Bc2 Rf2 52. Rc3 Rd2 53. Rd3 Rf2 54. Rc3 Kc5 55. Rd3 Kc6 56. Kc3 Kd7 57. Bd1 Ke7 58.
Kd4 Bd7 59. Kd5 c5 60. e5 dxe5 61. Ke4 Bc6+ 62. Ke3 Rh2 63. Be2 Rh3 64. Kf2 Rh2+ 65. Ke3 Bb7 66. Rd2 Bc6 67. Rd3 Rh1 68. Rd1 Rh3 69. Rd3 e4 70. Rd2 exf3 71. Bd3 Rg3 72. Bf5 Rg2 73. Rf2 Rxf2 74. Kxf2 Kd6 75. Bc2 Ke5 76.
Bf5 Kf4 77. Bc8 Be4 78. Bd7 Bc2 79. Bc6 Bxb3 80. Bb5 Kxg4 81. Bd7+ Kf4 82. Bb5 g4 83. Kg1 g3 84. Bc6 Ke3 85. Kh1 Bxc4 86. Bb7 Bd3 87. Bc6 Be4 88. Bxe4 Kxe4 89. Kg1 Ke3 90. Kf1 Kd2 91.
Kg1 c4 92. Kh1 c3 0-1

[Event "*** Titled Tuesday Blitz"]
[Site "Chess.com"]
[Date "2018.08.07"]
[Round "4"]
[White "GMHess"]
[Black "Slovak_fighter2000"]
[Result "1/2-1/2"]
[WhiteElo "2623"]
[BlackElo "2406"]
[TimeControl "180+2"]
[EndTime "13:52:42 PDT"]
[Termination "Game drawn - insufficient material"]

1. d4 d5 2. Nf3 e6 3. g3 Nf6 4. Bg2 Be7 5. O-O O-O 6. c4 dxc4 7. Qc2 a6 8. Qxc4 b5 9. Qc2 Bb7 10. Bd2 Be4 11. Qc1 Bb7 12. a3 Nbd7 13. Ba5 Nb6 14. Nbd2 Rc8 15. Nb3 Nc4 16. Bb4 Bxb4 17. axb4 Qd6 18. Nc5 Bxf3 19. Bxf3 Qxd4 20. Bb7 Rb8 21. Qc3 Rfd8 22. e3 Qd2 23. Qxd2 Rxd2 24. b3 Nd6 25. Bf3 Nd5 26. Nxa6 Rc8 27. Rfd1 Rxd1+ 28. Rxd1 Ne7 29. Nxc7 Rxc7 30. Rxd6 g6 31. Rb6 Rc1+ 32.
Kg2 Rb1 33. Rxb5 Rxb3 34. Rb7 Nf5 35. Bc6 Rb2 36. Kf3 Nd6 37. b5 Nxb7 38. Bxb7 Rxb5 39.
Be4 Rb6 40. Kf4 Kg7 41. h4 Rb4 42. Kf3 f5 43. Bd3 Kf6 44. Ba6 e5 45. Kg2 h6 46.
Bc8 Rb2 47. Bd7 e4 48. Bc8 g5 49. hxg5+ hxg5 50. Kf1 Ke5 51. Bd7 f4 52. gxf4+ gxf4 53. exf4+ Kxf4 54. Be8 Ra2 55. Bf7 Rd2 56. Bh5 Rd5 57.
Be2 e3 58. fxe3+ Kxe3 59. Ba6 Ra5 60. Bb7 Ra2 61. Bc6 Rc2 62. Ba8 Rf2+ 63. Kg1 Ra2 64. Bb7 Kf4 65. Kf1 Rb2 66. Ba8 Ke3 67. Bc6 Rc2 68. Ba8 Rc1+ 69. Kg2 Rc8 70. Bb7 Rg8+ 71. Kf1 Rg7 72. Ba8 Rh7 73. Bc6 Rh2 74. Ba8 Kf4 75.
Bb7 Kg3 76. Ba8 Rb2 77. Ke1 Kf4 78. Kf1 Ke3 79. Bc6 Rc2 80. Ba8 Rc7 81. Bd5 Rd7 82.
Ba8 Rc7 83. Bd5 Kd4 84. Ba8 Re7 85. Kf2 Rf7+ 86. Kg2 Ke3 87. Kg1 Ra7 88. Bc6 Ra6 89. Bb7 Rb6 90. Ba8 Rb8 91. Bc6 Rd8 92. Bb7 Kf4 93. Kf1 Kg3 94. Ke2 Rb8 95. Bc6 Rb2+ 96. Kd3 Kf4 97. Kc3 Rb1 98. Kd2 Kg3 99. Be4 Kf2 100.
Bxb1 1/2-1/2

[Event "*** Titled Tuesday Blitz"]
[Site "Chess.com"]
[Date "2018.08.07"]
[Round "4"]
[White "thegreendog"]
[Black "Kubas1010"]
[Result "0-1"]
[WhiteElo "2322"]
[BlackElo "2468"]
[TimeControl "180+2"]
[EndTime "13:52:49 PDT"]
[Termination "Kubas1010 won by resignation"]

1. e4 e5 2. Nf3 Nc6 3. Bb5 a6 4. Ba4 Nf6 5. O-O Be7 6. Re1 b5 7. Bb3 d6 8. c3 O-O 9. d4 Bg4 10. Be3 exd4 11. cxd4 Na5 12. Bc2 c5 13. h3 Bh5 14.
Nbd2 Rc8 15. Rc1 Nd7 16. b3 Nc6 17. g4 Bg6 18. d5 Nce5 19. Nxe5 dxe5 20. Nf3 h6 21. Qd2 Bd6 22. Bd3 Re8 23. a4 c4 24.
bxc4 bxa4 25. c5 Nxc5 26. Bxc5 Rxc5 27. Rxc5 Bxc5 28. Bxa6 Qb6 29. Qe2 Ra8 30. Bc4 f6 31. d6+ Kh7 32. d7 a3 33. Nh4 Rd8 34. Nxg6 Kxg6 35.
Qf3 Kh7 36. Bf7 g6 37. Rd1 Kg7 38. Ba2 Qb2 39. Qb3 Qxb3 40. Bxb3 Bd4 41. Be6 Kf8 42. Rd3 Ke7 43. Ba2 Ra8 44. d8=Q+ Kxd8 45. Kg2 Kc7 46.
f4 Rb8 47. Rxa3 exf4 48. Kf3 Be5 49. Bf7 g5 50. Ra7+ Kd6 51. Ra6+ Kc5 52. Ra5+ Kb4 53. Ra6 Rc8 54. Rb6+ Kc5 55. Rb1 Kd6 56. Rd1+ Ke7 57. Bg6 Rc3+ 58. Kg2 Rg3+ 59. Kf2 Rxh3 60. Bf5 Bd6 61.
Rb1 Bc5+ 62. Kg2 Rg3+ 63. Kh2 Kd6 64. Rb7 Ke5 65. Rd7 Bd6 66. Rh7 Rb3 67. Rxh6 f3 68.
Rh8 Rb2+ 69. Kg3 Rb3 70. Re8+ Kd4+ 71. Kf2 Be5 72. Rd8+ Kc4 73. Be6+ Kc3 74. Bxb3 Kxb3 75. Kxf3 Kc4 76. Rd5 Kc3 77. Ke3 Kc4 78. Rd7 Kc3 79. Rd8 Kc4 80. Rc8+ Kb4 81. Kd3 Kb5 82. Re8 Kc6 83.
Rd8 Kc5 84. Rd5+ Kc6 85. Kc4 Ba1 86. Rf5 Kd6 87. Kb5 Be5 88. Kc4 Ke6 89. Kc5 Bc3 90.
Kc6 Be5 91. Rf3 Bf4 92. Rh3 Ke5 93. Rh6 Bc1 94. Kd7 Bb2 95. Rh2 Bd4 96. Re2 Kf4 97.
Ke6 Kxg4 98. Rg2+ Kf4 99. Kd5 Be5 100. Rf2+ Ke3 101. Ra2 g4 102. Ra3+ Kf4 103. Ra1 g3 104. Rf1+ Ke3 105. Re1+ Kf2 106. Rc1 g2 107. Rc2+ Kg3 108. Rc1 Kh2 109. Rc2 Kh1 110. Rc1+ g1=Q 111. Rxg1+ Kxg1 112. Ke6 0-1

[Event "*** Titled Tuesday Blitz"]
[Site "Chess.com"]
[Date "2018.08.07"]
[Round "4"]
[White "pKiLz5Rn9b"]
[Black "Tjktiger"]
[Result "1/2-1/2"]
[WhiteElo "2704"]
[BlackElo "2479"]
[TimeControl "180+2"]
[EndTime "13:56:02 PDT"]
[Termination "Game drawn by 50-move rule"]

1. e4 c5 2. c3 Nf6 3. e5 Nd5 4. g3 d6 5. exd6 e6 6. Nf3 Bxd6 7. Bg2 Nc6 8. O-O O-O 9. d4 cxd4 10. Nxd4 Bd7 11. c4 Nb6 12. Nxc6 Bxc6 13. Bxc6 bxc6 14.
Qe2 Bc5 15. Nd2 Bd4 16. Rd1 c5 17. Nb3 Qf6 18. Nxd4 cxd4 19. Bf4 Nd7 20. Bd6 Rfc8 21. Rac1 e5 22. c5 a5 23. Re1 Qe6 24. b3 h6 25.
f4 exf4 26. Qxe6 fxe6 27. gxf4 Ra6 28. Rc4 a4 29. Rxa4 Rxa4 30. bxa4 Nxc5 31. a5 Na6 32. Rd1 Rc4 33. Be5 Ra4 34. Rxd4 Rxa5 35. Rd7 Rxa2 36.
Rxg7+ Kf8 37. Rg6 Nc5 38. Rxh6 Kf7 39. Rh3 Ne4 40. Re3 Nd2 41. Rg3 Nc4 42. Bc3 Rc2 43. h4 Nd6 44. Be5 Nf5 45. Rh3 Kg6 46. h5+ Kh7 47. Bf6 Rc4 48. Be5 Rc2 49. Kf1 Kh6 50. Bf6 Kh7 51. Bg5 Ng7 52. h6 Nf5 53. Rb3 Rc7 54.
Kg2 Kg6 55. Rb6 Rc2+ 56. Kf3 Rc3+ 57. Kf2 Rc7 58. Rxe6+ Kh5 59. Rf6 Kg4 60. Ke2 Ng3+ 61. Kd3 Rd7+ 62. Kc4 Ne4 63. Rg6 Kf5 64. Rg7 Rd1 65. h7 Rh1 66. Kd5 Rd1+ 67. Kc6 Rh1 68. Kd7 Nc5+ 69. Ke7 Ne4 70. Kf8 Rb1 71. Rf7+ Kg6 72.
h8=N+ Kh5 73. Re7 Nxg5 74. fxg5 Kxg5 75. Ra7 Kf6 76. Ra6+ Kf5 77. Nf7 Rb8+ 78. Kg7 Rb7 79. Ra5+ Kf4 80. Ra2 Rb6 81. Kf8 Kf5 82. Rf2+ Ke6 83.
Ng5+ Kd5 84. Rf5+ Kd4 85. Ke7 Rb7+ 86. Kf6 Rb6+ 87. Ne6+ Ke4 88. Ra5 Rc6 89. Ra4+ Ke3 90. Ke5 Rc8 91. Ra3+ Kd2 92. Kd4 Kc2 93. Nc5 Rh8 94.
Ra2+ Kb1 95. Rg2 Rh4+ 96. Kc3 Rh8 97. Ne6 Rc8+ 98. Kd3 Rh8 99. Nd4 Rd8 100. Kc3 Rc8+ 101. Kd3 Rd8 102. Rh2 Rd7 103. Rd2 Rd8 104. Kc3 Rc8+ 105. Kb4 Rb8+ 106. Nb5 Kc1 107. Rh2 Kd1 108. Kc4 Rc8+ 109. Kd3 Rd8+ 110. Nd4 Kc1 111. Rc2+ Kb1 112. Rc7 Rh8 113. Rb7+ Ka2 114. Ne2 Rd8+ 115. Kc2 Ka3 116. Rb1 Rd7 117. Rb8 Rd6 118. Nc1 Rc6+ 119. Kd2 Rd6+ 120. Nd3 Rd7 121. Rb6 Rd8 122. Rb7 Rd6 123. Kc3 Rc6+ 124. Kd4 Rc8 125. Ne5 Ka4 126. Nd7 Ka3 127. Nc5 Ka2 128. Rb5 Rh8 129. Kc3 Rc8 130. Kc2 Ka3 131. Kc3 Ka2 132. Kc2 Ka3 1/2-1/2

[Event "*** Titled Tuesday Blitz"]
[Site "Chess.com"]
[Date "2018.08.07"]
[Round "5"]
[White "albi1999"]
[Black "fidetrainerNET"]
[Result "1-0"]
[WhiteElo "2380"]
[BlackElo "1915"]
[TimeControl "180+2"]
[EndTime "13:57:58 PDT"]
[Termination "albi1999 won by resignation"]

1. d4 c5 2. d5 e5 3. e4 d6 4. c4 Be7 5. Nf3 Bg4 6. Nbd2 Bg5 7. h3 Bxd2+ 8. Bxd2 Bh5 9. Bd3 Nf6 10. g4 Bg6 11.
Qe2 a6 12. a4 O-O 13. Rg1 Nfd7 14. h4 f5 1-0

[Event "*** Titled Tuesday Blitz"]
[Site "Chess.com"]
[Date "2018.08.07"]
[Round "5"]
[White "djano"]
[Black "muran29"]
[Result "1-0"]
[WhiteElo "2377"]
[BlackElo "2323"]
[TimeControl "180+2"]
[EndTime "13:58:10 PDT"]
[Termination "djano won by resignation"]

1. c4 e6 2. g3 d5 3. Bg2 Nf6 4. Nf3 Be7 5. O-O O-O 6. d4 c5 7.
cxd5 exd5 8. Nc3 Nc6 9. dxc5 Bxc5 10. Na4 Be7 11. Be3 Bg4 12. Rc1 Rc8 13. Nc5 Bxc5 14. Bxc5 Re8 15. Re1 Ne4 16. Be3 d4 17. Nxd4 Nxd4 18.
Qxd4 Rxc1 19. Rxc1 Qxd4 20. Bxd4 Bxe2 21. Bxe4 1-0

[Event "*** Titled Tuesday Blitz"]
[Site "Chess.com"]
[Date "2018.08.07"]
[Round "5"]
[White "Carolina-moon"]
[Black "nitpicker"]
[Result "1-0"]
[WhiteElo "2148"]
[BlackElo "2093"]
[TimeControl "180+2"]
[EndTime "13:59:43 PDT"]
[Termination "Carolina-moon won by resignation"]

1. e4 Nh6 2. d4 d5 3. Bxh6 gxh6 4. e5 c5 5. Nf3 Nc6 6. Nbd2 cxd4 7. Nb3 Bg4 8.
Nbxd4 Nxe5 9. Nxe5 Bxd1 10. Bb5+ Qd7 11. Bxd7+ Kd8 12. Rxd1 Rg8 13. Bh3 1-0

[Event "*** Titled Tuesday Blitz"]
[Site "Chess.com"]
[Date "2018.08.07"]
[Round "5"]
[White "tteshan"]
[Black "Indianlad"]
[Result "0-1"]
[WhiteElo "2034"]
[BlackElo "2735"]
[TimeControl "180+2"]
[EndTime "14:00:20 PDT"]
[Termination "Indianlad won by resignation"]

1. d4 Nf6 2. c4 g6 3. Nc3 Bg7 4. e4 O-O 5. Be2 d6 6. Bg5 Nc6 7. Qd2 e5 8. d5 Nd4 9. Nf3 Nxe2 10. Qxe2 h6 11. Be3 Nh5 12. O-O Bg4 13. h3 Bd7 14. Qd2 Kh7 15. a3 f5 16. exf5 gxf5 17. Qc2 Kh8 18. Rad1 e4 19. Ne1 Rg8 20. Bd4 Qh4 21.
Bxg7+ Rxg7 22. Kh2 Rag8 23. Qd2 Nf4 24. f3 Rxg2+ 25.
Nxg2 Qxh3+ 0-1

[Event "*** Titled Tuesday Blitz"]
[Site "Chess.com"]
[Date "2018.08.07"]
[Round "5"]
[White "m3alam"]
[Black "MateusViageiro"]
[Result "1-0"]
[WhiteElo "2196"]
[BlackElo "2322"]
[TimeControl "180+2"]
[EndTime "14:01:33 PDT"]
[Termination "m3alam won by resignation"]

1. d4 Nf6 2. Nf3 g6 3. g3 Bg7 4. Bg2 O-O 5. c4 d6 6. O-O Nc6 7. Nc3 Bg4 8. d5 Nb8 9. e4 c6 10. h3 Bc8 11. Bf4 cxd5 12. exd5 Nbd7 13. Qe2 a6 14.
Rfe1 Re8 15. Rac1 a5 16. b3 Nc5 17. Nd4 Bd7 18. Qd2 Qc8 19. Kh2 Ra6 20. Bg5 e5 21. dxe6 Nxe6 22. Nxe6 Rxe6 23. Nd5 Nxd5 24. cxd5 Qxc1 25. Rxc1 Re8 26. Rc7 Bc8 27. Qc2 1-0

[Event "*** Titled Tuesday Blitz"]
[Site "Chess.com"]
[Date "2018.08.07"]
[Round "5"]
[White "saraswathii"]
[Black "Perecke"]
[Result "1-0"]
[WhiteElo "2280"]
[BlackElo "1907"]
[TimeControl "180+2"]
[EndTime "14:01:47 PDT"]
[Termination "saraswathii won by resignation"]

1. e4 e5 2. Nf3 Nc6 3. Bc4 Bc5 4. d3 Nf6 5. O-O O-O 6. c3 d5 7. exd5 Nxd5 8. d4 exd4 9. Nxd4 Bxd4 10. cxd4 Nb6 11.
Bb3 Nxd4 12. Nc3 Nxb3 13. Qxb3 Be6 14. Qa3 Nc4 15. Qc5 b6 16. Qh5 Qe7 17. b3 Nd6 18. Bg5 f6 19. Bf4 g6 20. Qf3 Qf7 21. Bxd6 cxd6 22.
Rad1 Rad8 23. Rd4 h5 24. Rfd1 Bg4 25. Rxg4 hxg4 26. Qxg4 d5 27. Rxd5 Rxd5 28. Nxd5 f5 29. Qg5 Kg7 30. Nf4 Re8 31. h4 Qf6 32. Nh5+ 1-0

[Event "*** Titled Tuesday Blitz"]
[Site "Chess.com"]
[Date "2018.08.07"]
[Round "5"]
[White "nonscitis"]
[Black "GMG"]
[Result "0-1"]
[WhiteElo "2448"]
[BlackElo "2736"]
[TimeControl "180+2"]
[EndTime "14:02:05 PDT"]
[Termination "GMG won by resignation"]

1. e4 d5 2. exd5 Qxd5 3. Nc3 Qa5 4. d4 Nf6 5. Nf3 c6 6. Bc4 Bf5 7. Bd2 e6 8. Nd5 Qd8 9. Nxf6+ gxf6 10. Qe2 Nd7 11.
O-O-O Nb6 12. Bb3 Qc7 13. Nh4 Bg6 14. Bxe6 fxe6 15. Qxe6+ Qe7 16. Qg4 Qd7 17. Rhe1+ Be7 18. Qg3 O-O-O 19. Nxg6 hxg6 20. Qxg6 Rdg8 21. Qf7 Bd8 22.
Qxd7+ Kxd7 23. g3 Rxh2 24. Re2 Re8 25. Rxe8 Kxe8 26. Re1+ Kd7 27. Re2 Nc4 28. Be1 f5 29. b3 Bg5+ 30. Kb1 Nd6 31. c4 Ne4 32. Kc2 Nxg3 33. Re5 Bf6 34. Re3 Ne4 35. Rf3 Bxd4 36.
Rxf5 Bxf2 37. Bxf2 Rxf2+ 38. Rxf2 Nxf2 39. Kc3 Kd6 40. Kd4 c5+ 41. Ke3 Ng4+ 42. Kf4 Ne5 43. Ke4 Nc6 44.
a3 Na5 0-1

[Event "*** Titled Tuesday Blitz"]
[Site "Chess.com"]
[Date "2018.08.07"]
[Round "5"]
[White "RitvarsReimanis"]
[Black "JoakimVonAnd"]
[Result "1-0"]
[WhiteElo "2438"]
[BlackElo "2383"]
[TimeControl "180+2"]
[EndTime "14:02:07 PDT"]
[Termination "RitvarsReimanis won by resignation"]

1. d4 Nf6 2. c4 e6 3. Nc3 Bb4 4. Qc2 O-O 5. Nf3 d5 6. cxd5 exd5 7.
Bg5 c6 8. e3 Bg4 9. Ne5 Bh5 10.
Bd3 Bg6 11. Nxg6 hxg6 12. h4 Qd6 13. O-O-O Nbd7 14. f3 Rfe8 15. g4 Qe6 16. h5 gxh5 17.
Bf5 Qd6 18. Bf4 Qe7 19. g5 Bd6 20. gxf6 Nxf6 21. Bg5 g6 22. Bxg6 fxg6 23. Qxg6+ Qg7 24. Qxf6 Qxf6 25. Bxf6 Rxe3 26. Rxh5 Rxf3 27. Rh8+ Kf7 28. Rxa8 Bf4+ 29. Kb1 Kxf6 30. Rxa7 1-0

[Event "*** Titled Tuesday Blitz"]
[Site "Chess.com"]
[Date "2018.08.07"]
[Round "5"]
[White "Drags95"]
[Black "Er_is_geen_hoop_meer"]
[Result "1-0"]
[WhiteElo "2616"]
[BlackElo "2449"]
[TimeControl "180+2"]
[EndTime "14:02:14 PDT"]
[Termination "Drags95 won by resignation"]

1. Nf3 d6 2. d4 e5 3. dxe5 Bg4 4. exd6 Bxd6 5. g3 Nc6 6. Bg2 Qe7 7. Nc3 O-O-O 8. Nd5 Qe6 9. c4 h5 10. h3 Bxf3 11.
Bxf3 Ne5 12. Qb3 c6 13. Ne3 f5 14. c5 Qxb3 15. axb3 Bxc5 16. Nxf5 g6 17. Ne3 Nf6 18. O-O g5 19. Bg2 h4 20. g4 Ng6 21. Nf5 Nf4 22.
Bxf4 gxf4 23. Rfc1 Bb6 24. Rc2 Kb8 25. Bf3 Nd7 26. Kg2 Nc5 27. b4 Ne6 28. Rac1 a6 29. Rc4 Rd2 30. R1c2 Rhd8 31. Rxd2 Rxd2 32. Re4 Ng5 33.
Rxf4 Rxb2 34. Nxh4 Bxf2 35. Nf5 Be1 36. h4 Nf7 37. g5 Rxb4 38. Rxb4 Bxb4 39. g6 Nd6 40. Nxd6 Bc3 41. h5 a5 42. h6 a4 43. g7 1-0

[Event "*** Titled Tuesday Blitz"]
[Site "Chess.com"]
[Date "2018.08.07"]
[Round "5"]
[White "bilelou"]
[Black "PulpanJ"]
[Result "1-0"]
[WhiteElo "2419"]
[BlackElo "2511"]
[TimeControl "180+2"]
[EndTime "14:02:20 PDT"]
[Termination "bilelou won by resignation"]

1. e4 e5 2. Qh5 d6 3. Bc4 g6 4. Qf3 Be6 5. Bxe6 fxe6 6. Ne2 Bg7 7. Qb3 Qc8 8. c3 Nf6 9. d3 a5 10. h3 a4 11. Qc2 O-O 12. Be3 Nbd7 13. Nd2 Kh8 14.
d4 exd4 15. cxd4 e5 16. d5 b6 17. O-O Nc5 18. b4 axb3 19. axb3 Qd7 20. b4 Na6 21. Qc3 Nh5 22. Rab1 Nf4 23. Nxf4 exf4 24. Bd4 Bxd4 25. Qxd4+ Qg7 26. Qxg7+ Kxg7 27. Rfc1 Kf6 28. Rc6 Ke7 29. b5 Nc5 30. Rxc7+ Nd7 31. Nc4 Rfc8 32. Rc6 1-0

[Event "*** Titled Tuesday Blitz"]
[Site "Chess.com"]
[Date "2018.08.07"]
[Round "5"]
[White "kikydu96"]
[Black "ElHelvetico"]
[Result "0-1"]
[WhiteElo "2446"]
[BlackElo "2666"]
[TimeControl "180+2"]
[EndTime "14:02:22 PDT"]
[Termination "ElHelvetico won by resignation"]

1. e4 c5 2. Nf3 Nc6 3. c3 d5 4. exd5 Qxd5 5. d4 Bf5 6. Bd3 Bxd3 7.
Qxd3 cxd4 8. cxd4 Nf6 9. Nc3 Qd7 10. O-O e6 11. Bg5 Be7 12. Rad1 O-O 13. d5 Nb4 14.
Qe2 Nbxd5 15. Nxd5 exd5 16. Qe5 Rad8 17. Rfe1 Rfe8 18.
h3 h6 19. Be3 Bb4 20. Rf1 Rxe5 21. Nxe5 Qe6 22. Nd3 Bd6 23. Bxa7 Ra8 24. Bd4 Rxa2 25.
Rfe1 Qf5 26. Re3 Ne4 27. Rf3 Qg6 28. Rc1 Ra4 29. Be3 d4 30. Bf4 Ng5 31. Rg3 Bxf4 32. Nxf4 Qf5 33. Nh5 g6 34. Rc8+ Qxc8 0-1